 Dungeon Crawl Stone Soup version 0.30.1-9-gdf580d7c3d (webtiles) character file.

Game seed: 1701352537512522456

5389 Ivernyr the Fighter (level 10, 0/86 HPs)
             Began as a Formicid Fighter on Sept 30, 2023.
             Was a Follower of Wu Jian.
             Succumbed to a kobold brigand's curare-tipped dart
             ... on level 8 of the Dungeon.
             The game lasted 00:19:52 (8751 turns).

Ivernyr the Fighter (Formicid Fighter)              Turns: 8751, Time: 00:19:52

Health: 0/86       AC:  8    Str: 25    XL:     10   Next: 98%
Magic:  2/10       EV: 10    Int:  8    God:    Wu Jian [*.....]
Gold:   597        SH:  0    Dex: 13    Spells: 9/9 levels left

rFire   + . .        x - +7 giant spiked club
rCold   + . .        (shield currently unavailable)
rNeg    . . .        b - +0 scale mail
rPois   .            (helmet unavailable)
rElec   .            (no cloak)
rCorr   .            (no gloves)
SInv    +            (no boots)
Will    +....        z - amulet of guardian spirit Stlth
                     D - ring of protection from cold
HPRegen 0.34/turn    E - ring of protection from fire
MPRegen 0.12/turn

%: guardian spirit
@: lethally poisoned (0 -> -10), weakened
A: permanent stasis, dig shafts and tunnels, antennae 3, four strong arms
a: Dig, Shaft Self, Renounce Religion


You were on level 8 of the Dungeon.
You worshipped Wu Jian.
Wu Jian was aware of your devotion.
You visited 2 branches of the dungeon, and saw 11 of its levels.
You also visited: Ossuary.

You collected 699 gold pieces.
You spent 102 gold pieces at shops.

Inventory:

Hand Weapons
 x - a +7 giant spiked club (weapon)
Armour
 b - a +0 scale mail (worn)
Jewellery
 n - an amulet of the acrobat
 z - an amulet of guardian spirit (around neck)
 D - a ring of protection from cold (left hand)
 E - a ring of protection from fire (right hand)
Wands
 y - a wand of light (15)
 H - a wand of mindburst (5)
 J - a wand of paralysis (9)
Scrolls
 f - a scroll of fear {unknown}
 g - 2 scrolls of enchant weapon {unknown}
 h - 2 scrolls of identify
 l - 2 scrolls of amnesia
 m - a scroll of acquirement {unknown}
 p - a scroll of blinking {unknown}
 r - a scroll of torment {unknown}
 s - 2 scrolls of enchant armour {unknown}
 t - a scroll of poison {unknown}
 w - a scroll of silence {unknown}
 A - a scroll of fog {unknown}
 F - a scroll of brand weapon {unknown}
 G - a scroll of magic mapping {unknown}
Potions
 a - 3 potions of magic
 c - 3 potions of attraction {unknown}
 d - a potion of ambrosia {unknown}
 e - 2 potions of heal wounds {unknown}
 i - 2 potions of cancellation {unknown}
 j - 4 potions of lignification
 k - a potion of brilliance {unknown}
 o - 6 potions of curing {unknown}
 q - a potion of berserk rage {unknown}
 u - a potion of invisibility {unknown}
 B - a potion of haste {unknown}
 C - 2 potions of flight {unknown}
 I - a potion of resistance {unknown}
 K - a potion of might


   Skills:
 + Level 10.4 Fighting
 + Level 9.2 Maces & Flails
 + Level 10.4 Armour
 - Level 4.0 Shields


You had 9 spell levels left.
You didn't know any spells.
Your spell library contained the following spells:

 Spells                   Type           Power      Damage    Failure   Level
 Cigotuvi's Dreadful Rot  Necr/Pois/Air  0%         N/A       78%         2
 Scorch                   Fire           0%         2d5       78%         2
 Dazzling Flash           Conj/Hex       0%         N/A       95%         3
 Gell's Gravitas          Tloc           0%         N/A       95%         3
 Ignite Poison            Fire/Tmut/Pois 0%         N/A       95%         3
 Teleport Other           Tloc           0%         N/A       95%         3
 Flame Wave               Conj/Fire      0%         2d4       100%        4
 Agony                    Necr           0%         N/A       100%        5
 Freezing Cloud           Conj/Ice/Air   0%         6-21      100%        5
 Silence                  Hex/Air        0%         N/A       100%        5
 Dispersal                Tloc           0%         N/A       100%        6
 Summon Cactus Giant      Summ           0%         N/A       100%        6


Dungeon Overview and Level Annotations

Branches:
Dungeon (10/15)            Temple (1/1) D:4            Lair (0/5) D:8
Ossuary (visited)
    Orc: D:9-12

Altars:
Cheibriados
Dithmenos
Elyvilon
Gozag
Hepliaklqana
Kikubaaqudgha
Makhleb
Nemelex Xobeh
Okawaru
Qazlal
Sif Muna
Trog
Uskayaw
Vehumet
Wu Jian
Xom
Yredelemnul
Zin
The Shining One

Shops:
D:5 (   D:9 =   D:10 (

Annotations:
D:3 3 runed translucent doors, Madon's ghost, amateur HOFi
Temple 2 transporters


Innate Abilities, Weirdness & Mutations

You cannot be hasted, slowed, berserked, paralysed or teleported.
You can dig through walls and to a lower floor.
You have a pair of large antennae on your head. (SInv)
Your four strong arms can wield two-handed weapons with a shield.


Message History

The two-headed ogre is moderately wounded.
The kobold brigand hits you but does no damage.
The two-headed ogre closely misses you.
The two-headed ogre hits you with a +0 giant club.
The orc priest calls down the wrath of Beogh upon you.
Beogh smites you!
The kobold brigand hits you but does no damage.
The two-headed ogre attacks as you move away!
The two-headed ogre hits you with a +0 giant spiked club.
The two-headed ogre barely misses you.
The kobold brigand attacks as you move away!
The kobold brigand hits you with a +0 dagger.
The kobold brigand attacks as you move away!
The kobold brigand completely misses you.
The orc priest looks satisfied for a moment.
The kobold brigand throws a curare-tipped dart.
The curare-tipped dart hits you.
You are poisoned.
You have difficulty breathing.
Your stasis prevents you from being slowed.
You feel very sick.
You feel very sick.
You feel sick.
You feel sick.
The kobold brigand throws a curare-tipped dart.
The curare-tipped dart hits you.
You are lethally poisoned!
You have difficulty breathing.
* * * LOW HITPOINT WARNING * * *
Your stasis prevents you from being slowed.
* * * LOW HITPOINT WARNING * * *
You feel very sick.
The gnoll bouda gazes fiercely through you!
You feel your attacks grow feeble.
There is a stone staircase leading up here.
Unknown command.
* * * LOW HITPOINT WARNING * * *
You feel very sick.
You climb upwards.
You die...

####### ##.....## ###
#@......## ##.##
#..#.....#
##.#?######..#.#...#
#.###..........#...##
##.#.######..[......#
##.## #.#####.#.#
#####.# #.......#)#
#...#.#
#############)#
#.....# #.......# #.#


There were no monsters in sight!

Vanquished Creatures
  Pikel (D:4)
  Prince Ribbit (D:5)
  Sigmund (D:5)
  2 wyverns (D:9)
  4 yaks (D:10)
  A steam dragon (D:8)
  2 water moccasins
  3 ice beasts (D:6)
  An orc warrior (D:8)
  3 sky beasts
  3 black bears
  3 ogres
  3 phantoms
  A lemure (D:4)
  An elf zombie (Ossuary)
  2 kobold brigands
  A bullfrog (D:7)
  A gnoll sergeant (D:6)
  4 scorpions
  4 wights (D:8)
  5 howler monkeys
  A jelly (D:6)
  2 human zombies (Ossuary)
  A lava snake (D:7)
  A centaur zombie (Ossuary)
  A hound (D:5)
  3 orc priests
  2 sleepcaps (D:6)
  5 iguanas
  10 orc wizards
  2 mummies (Ossuary)
  Robin (D:2)
  3 gnolls (D:6)
  6 adders
  A white imp (D:8)
  2 adder zombies (Ossuary)
  2 worms
  3 dart slugs
  24 orcs
  4 endoplasms
  7 giant cockroaches
  17 goblins
  9 hobgoblins
  2 jackals (D:5)
  12 kobolds
  7 quokkas
  3 ball pythons
  5 bats
  3 frilled lizards
  A goblin zombie (Ossuary)
  12 hobgoblin zombies (Ossuary)
  A jackal zombie (Ossuary)
  8 kobold zombies (Ossuary)
  8 orc zombies (Ossuary)
  3 rats
  A rat zombie (Ossuary)
220 creatures vanquished.

Notes
Turn   | Place    | Note
-------+----------+-------------------------------------------
     0 | D:1      | Ivernyr the Formicid Fighter began the quest for the Orb.
     0 | D:1      | Reached XP level 1. HP: 18/18 MP: 1/1
   122 | D:1      | Reached XP level 2. HP: 24/24 MP: 2/2
   817 | D:2      | Reached XP level 3. HP: 30/30 MP: 3/3
   824 | D:2      | Noticed Robin
  1004 | D:2      | Killed Robin
  1005 | D:2      | Reached XP level 4. HP: 37/37 MP: 4/4
  1540 | D:3      | Noticed a phantom
  1550 | D:3      | Killed a phantom
  1551 | D:3      | Reached XP level 5. HP: 36/43 MP: 5/5
  1714 | D:3      | Found a faded altar of an unknown god.
  2108 | D:3      | Found a runed translucent gate.
  2108 | D:3      | Identified the +4 mace of Spite {antimagic, rElec rN+
                  | Will+}
  2109 | D:3      | Found a runed translucent gate.
  2109 | D:3      | Noticed Madon's ghost (amateur HOFi)
  2110 | D:3      | Found a runed translucent gate.
  2532 | D:4      | Noticed a sky beast
  2549 | D:4      | Killed a sky beast
  2550 | D:4      | Reached skill level 5 in Fighting
  2550 | D:4      | Reached skill level 5 in Armour
  2550 | D:4      | Reached XP level 6. HP: 30/51 MP: 6/6
  2751 | D:4      | Noticed Pikel
  2769 | D:4      | Killed Pikel
  2770 | D:4      | Reached skill level 5 in Maces & Flails
  2770 | D:4      | Reached XP level 7. HP: 13/58 MP: 7/7
  2770 | D:4      | Reached XP level 8. HP: 15/64 MP: 8/8
  3155 | D:4      | Found a staircase to the Ecumenical Temple.
  3192 | Temple   | Entered the Ecumenical Temple
  3192 | Temple   | Found a transporter.
  3192 | Temple   | Found a transporter.
  3194 | Temple   | Found a transporter.
  3194 | Temple   | Found a transporter.
  3324 | D:5      | Entered Level 5 of the Dungeon
  3324 | D:5      | Noticed Sigmund
  3332 | D:5      | Killed Sigmund
  3345 | D:5      | Found a snail-covered altar of Cheibriados.
  3753 | D:5      | Found Syuborog's Antique Weapon Boutique.
  3754 | D:5      | Noticed Prince Ribbit
  3763 | D:5      | Killed Prince Ribbit
  3764 | D:5      | Reached XP level 9. HP: 25/72 MP: 9/9
  3909 | D:5      | Bought a glowing giant spiked club for 102 gold pieces
  4624 | D:6      | Found a sand-covered staircase.
  4643 | Ossuary  | Entered an ossuary
  5887 | D:6      | Reached XP level 10. HP: 73/82 MP: 10/10
  7106 | D:7      | Found a sparkling altar of Nemelex Xobeh.
  7106 | D:7      | Found an ornate altar of the Wu Jian Council.
  7150 | D:7      | Became a worshipper of the Wu Jian Council
  7223 | D:8      | You fall into a shaft and drop 2 floors!
  7223 | D:10     | Entered Level 10 of the Dungeon
  7462 | D:10     | Reached skill level 10 in Fighting
  7462 | D:10     | Reached skill level 10 in Armour
  7546 | D:10     | Found Vaklal's Weapon Boutique.
  7608 | D:9      | Reached * piety under Wu Jian
  7819 | D:8      | Found a staircase to the Lair.
  8677 | D:9      | Found Jumme's Jewellery Boutique.
  8730 | D:9      | Noticed a two-headed ogre
  8750 | D:9      | HP: 3/86 [poisoned by a kobold brigand (curare-tipped
                  | dart)]
  8751 | D:8      | Succumbed to a kobold brigand's curare-tipped dart

Illustrated notes

Levels and vault maps discovered:
D:1:      enne_arrival_octagon_isle, layout_basic
D:2:      layout_basic, uniq_robin
D:3:      layout_loops_ring, biasface_ghost_orc_armoury,
          shapermc_ecumenical_altar_mp_ritualfount
D:4:      layout_loops_ring, minmay_temple_entry_waves, minmay_bisected,
          uniq_pikel
D:5:      layout_loops_cross, lemuel_doored_altar, serial_shops, shop,
          uniq_sigmund, uniq_prince_ribbit1
D:6:      layout_cave_pools, gup_sewer_entry_bowl,
          nicolae_ossuary_entry_false_entrances, corner_web_ring,
          hangedman_decor_slide_cut, grunt_tough_drop
D:7:      layout_loops_ring, nicolae_overflow_two_pavilions
D:8:      layout_loops_cross, lair_entry_dummy, kennysheep_generic_room_8
D:9:      minmay_the_grid_octo_tiled_octocenter [minmay_the_grid_octo_horde,
          minmay_the_grid_octo_concentric, minmay_the_grid_octo_empty,
          minmay_the_grid_octo_empty,
          minmay_the_grid_octo_prize_square_snowflake,
          minmay_the_grid_square_5x5_sharp_hourglass,
          minmay_the_grid_square_5x5_eight_small,
          minmay_the_grid_square_5x5_corner,
          minmay_the_grid_square_5x5_hourglass], layout_gridville, serial_shops,
          nicolae_shop_waterfront
D:10:     kennysheep_kobold_lugonu_temple, layout_loops_corners, minitemple,
          serial_shops, shop, minivault_10
Temple:   hellmonk_temple_divided_pantheon

Skill      XL: |  1  2  3  4  5  6  7  8  9 10 |
---------------+-------------------------------+-----
Fighting       | 4 5 6 7 8 10 | 10.4
Armour         | 4 5 6 7 8 10 | 10.4
Maces & Flails | 3 5 6 7 9 |  9.2
Shields        | |  4.0

Action                     |  1- 3 |  4- 6 |  7- 9 | 10-12 || total
---------------------------+-------+-------+-------+-------++-------
  Melee: Flail             |   104 |   122 |       |       ||   226
         Whip              |       |       |   115 |       ||   115
         Giant spiked club |       |       |   132 |   137 ||   269
Ability: Lunge             |       |       |       |    17 ||    17
         Whirlwind         |       |       |       |     2 ||     2
         Dig               |       |       |       |     1 ||     1
    Use: Potion            |       |     1 |     2 |     1 ||     4
         Scroll            |       |       |       |     5 ||     5
   Stab: Distracted        |       |       |     1 |       ||     1
 Armour: Scale mail        |    65 |    44 |   109 |    66 ||   284
         Skin              |       |       |     7 |       ||     7
  Dodge: Dodged            |    67 |    48 |   130 |    69 ||   314
  Block: Buckler           |    43 |    24 |    14 |       ||    81
